 Dungeon Crawl Stone Soup version 0.31-a0-154-g56bf346678 (webtiles) character file.

Game seed: 8162121911132348138

137 comborobin the Sneak (level 5, -2/31 HPs)
             Began as a Deep Elf Delver on June 11, 2023.
             Slain by a gnoll
             ... wielding a +0 flail
             ... led by a gnoll bouda
              (4 damage)
             ... on level 4 of the Dungeon.
             The game lasted 00:00:57 (524 turns).

comborobin the Sneak (Deep Elf Delver)               Turns: 524, Time: 00:00:58

Health: -2/31      AC:  3    Str:  9    XL:     5   Next: 0%
Magic:  7/7        EV: 12    Int: 15    God:
Gold:   0          SH:  0    Dex: 18    Spells: 4/4 levels left

rFire   . . .        a - +2 whip (venom)
rCold   . . .        (no shield)
rNeg    . . .        b - +0 leather armour
rPois   .            (no helmet)
rElec   .            (no cloak)
rCorr   .            (no gloves)
SInv    .            (no boots)
Will    .....        (no amulet)
Stlth   +++          (no ring)
HPRegen 0.25/turn    (no ring)
MPRegen 0.10/turn

%: no passive effects
@: no status effects
A: no striking features
a: no special abilities


You were on level 4 of the Dungeon.
You visited 1 branch of the dungeon, and saw 3 of its levels.

Inventory:

Hand Weapons
 a - a +2 whip of venom (weapon)
 f - a +0 short sword
Armour
 b - a +0 leather armour (worn)
Wands
 g - a wand of digging (3)


   Skills:
 - Level 2.7 Fighting
 + Level 4.5 Short Blades
 - Level 3.0 Dodging
 - Level 6.3 Stealth


You had 4 spell levels left.
You didn't know any spells.
Your spell library was empty.

Dungeon Overview and Level Annotations

Branches:
Dungeon (6/15)
 Temple: D:4-7

Altars:


Message History

There is an open door here.
The gnoll closely misses you.
Something unseen opens the door.
The kobold shouts!
The gnoll barely misses you.
A gnoll bouda comes into view. It is wielding a +0 club.
The gnoll barely misses you.
You hit the gnoll but do no damage.
The gnoll is poisoned.
The gnoll bouda barks out a call to the hunt!
The gnolls pick up the pace!
The gnoll hits you from afar with a +0 halberd!
The gnoll hits you with a +0 flail!
You are too injured to fight recklessly!
You are too injured to fight recklessly!
You are too injured to fight recklessly!
You are too injured to fight recklessly!
You are too injured to fight recklessly!
You are too injured to fight recklessly!
The gnoll barely misses you. The gnoll attacks as you move away!
The gnoll hits you with a +0 flail.
* * * LOW HITPOINT WARNING * * *
There is an open door here.
The kobold attacks as you move away! The kobold hits you with a +0 whip.
* * * LOW HITPOINT WARNING * * *
The gnoll misses you.
You aren't carrying any potions.
As you read the scroll of fog, it crumbles to dust.
The scroll dissolves into smoke.
The gnoll barely misses you. The gnoll completely misses you.
Okay, then.
The air fills with toxic fumes!
As you read the scroll labelled REXUHAV KAIBAQ, it crumbles to dust.
It was a scroll of poison.
The gnoll closely misses you. The gnoll hits you with a +0 flail.
* * * LOW HITPOINT WARNING * * *
The gnoll attacks as you move away! The gnoll closely misses you.
Really walk into that cloud of poison gas?
Okay, then.
You open the door. The gnoll barely misses you.
The gnoll hits you with a +0 flail.
You die...

#####........######
....#........# ....#........#
....#........# '
....#........#### #########'#
.>..###+##......###.#.....g..
....#....#......#§§.#........
....#....#......#§§§#........
....##...'......@gK§#.g......
....##...#......#§§§#........
..÷......#......#§§§§g.......
....######......§§§§#........
....#......##################
....#......# ....'...†..#
....#......#
..###......##########


You could see a gnoll (swift, poisoned) and a kobold.

Vanquished Creatures
  A black bear (D:4)
  A hound (D:4)
  An adder (D:4)
  An endoplasm (D:4)
  A quokka (D:4)
  A kobold (D:4)
6 creatures vanquished.

Notes
Turn   | Place    | Note
-------+----------+-------------------------------------------
     0 | D:5      | comborobin the Deep Elf Delver began the quest for the Orb.
     0 | D:5      | Reached XP level 1. HP: 13/13 MP: 3/3
     9 | D:5      | Noticed an ogre
    24 | D:5      | Noticed a hound
    62 | D:4      | Killed a hound
    63 | D:4      | Reached XP level 2. HP: 15/18 MP: 4/4
    63 | D:4      | Reached XP level 3. HP: 18/22 MP: 5/5
   339 | D:4      | Noticed a black bear
   345 | D:4      | HP: 1/22 [black bear (8)]
   348 | D:4      | Killed a black bear
   349 | D:4      | Reached XP level 4. HP: 2/27 MP: 6/6
   349 | D:4      | Reached XP level 5. HP: 2/31 MP: 7/7
   520 | D:4      | HP: 1/31 [gnoll/+0 flail[a gnoll bouda] (2)]
   524 | D:4      | Slain by a gnoll

Illustrated notes

Levels and vault maps discovered:
D:4:      layout_gridville, minmay_statues_item
D:5:      layout_basic, gammafunk_ghost_smash, minmay_misc_feat_more_columns,
          uniq_edmund
D:6:      layout_basic, dilly_guarded_unrand_throatcut

Skill      XL: |  1  2  3 |
---------------+----------+-----
Dodging        | 3 |  3.0
Short Blades   | 4 |  4.5
Fighting       | |  2.7
Stealth        | |  6.3

Action                     |  1- 3 |  4- 6 || total
---------------------------+-------+-------++-------
  Melee: Short sword       |    46 |       ||    46
         Whip              |     4 |     1 ||     5
    Use: Scroll            |     2 |     2 ||     4
         Potion            |     1 |       ||     1
 Armour: Leather armour    |    11 |       ||    11
  Dodge: Dodged            |    32 |    10 ||    42

Table legend: (Time is in decaauts)
 A = Elapsed time spent in this place.
 B = Non-inter-level travel time spent in this place.
 C = Inter-level travel time spent in this place.
 D = Time resting spent in this place.
 E = Time spent auto-exploring this place.
 F = Levels seen in this place.
 G = Mean time per level.
                   A        B        C        D        E       F      G
               +--------+--------+--------+--------+--------+-----+--------+
         Total |    500 |    489 |     11 |    265 |    127 |   3 |  166.7 |
       Dungeon |    500 |    489 |     11 |    265 |    127 |   3 |  166.7 |
               +--------+--------+--------+--------+--------+-----+--------+

Top non-repeatable levels by time:
     D:4: 468 daAuts
     D:5: 29 daAuts
     D:6: 1 daAuts
